 Dungeon Crawl Stone Soup version 0.28-a0-662-g1651b1f1e0 (webtiles) character file.

Game seed: 5593206396822740558

532 kipponium the Chopper (level 7, -1/50 HPs)
             Began as a Demonspawn Gladiator on Oct 14, 2021.
             Slain by Blork the orc (15 damage)
             ... on level 5 of the Dungeon.
             The game lasted 00:10:42 (5145 turns).

kipponium the Chopper (Demonspawn Gladiator)        Turns: 5145, Time: 00:10:43

Health: -1/50      AC:  4    Str: 14    XL:     7   Next: 4%
Magic:  7/7        EV: 12    Int: 12    God:
Gold:   109        SH:  6    Dex: 14    Spells: 6/6 levels left

rFire   + . .      SeeInvis .   a - +0 war axe
rCold   . . .      Faith    .   (no shield)
rNeg    . . .      Spirit   .   b - +0 leather armour
rPois   .          Reflect  .   i - +0 helmet
rElec   .          Harm     .   (no cloak)
rCorr   +          Rampage  .   (no gloves)
Will    .....                   (no boots)
Stlth   +.........              (no amulet)
HPRegen 0.16/turn               s - ring "Hihugisk" {Fly rF+ rCorr}
MPRegen 0.10/turn               (no ring)

@: flying
A: large bone plates 2, foul stench 1, demonic touch 1
a: no special abilities


You were on level 5 of the Dungeon.
You visited 1 branch of the dungeon, and saw 5 of its levels.

You collected 208 gold pieces.
You spent 99 gold pieces at shops.

Inventory:

Hand Weapons
 a - a +0 war axe (weapon)
 g - a +0 hunting sling
Missiles
 h - 127 stones (quivered)
Armour
 b - a +0 leather armour (worn)
 c - a +0 helmet
 i - a +0 helmet (worn)
Magical Staves
 m - a staff of air
Jewellery
 s - the ring "Hihugisk" (left hand) {Fly rF+ rCorr}
   (You found it on level 4 of the Dungeon)

   [ring of protection from fire]

   rF:        It protects you from fire.
   Fly:       It grants you flight.
   rCorr:     It protects you from acid and corrosion.
Wands
 t - a wand of iceblast (7)
 u - a wand of acid (14)
Scrolls
 e - 2 scrolls of noise {unknown}
 j - a scroll of identify {unknown}
 k - a scroll of teleportation {unknown}
 x - a scroll of vulnerability {unknown}
Potions
 d - 2 potions of degeneration {unknown}
 f - 2 potions of might {unknown}
 l - a potion of brilliance {unknown}
 n - 2 potions of curing
 o - a potion of attraction
 p - 4 potions of lignification
 q - a potion of experience {unknown}
 r - a potion of invisibility {unknown}
 v - 2 potions of cancellation {unknown}
 w - a potion of haste {unknown}


   Skills:
 - Level 2.0 Fighting
 - Level 5.3 Axes
 * Level 3.6 Staves
 - Level 1.7 Throwing
 - Level 2.6 Dodging
 * Level 2.8 Air Magic


You had 6 spell levels left.
You didn't know any spells.
Your spell library was empty.

Dungeon Overview and Level Annotations

Branches:
Dungeon (5/15)
 Temple: D:4-7

Altars:
Ashenzari
Dithmenos
Wu Jian

Shops:
D:3 **!

Annotations:
D:3 3 runed translucent doors, kibaces's ghost, amateur DsBr
D:4 2 runed translucent doors, yegreS's ghost, amateur MiFi
D:5 Blork the orc


Innate Abilities, Weirdness & Mutations

You are mostly covered in large bone plates. (SH +6)
You may rarely emit foul miasma when damaged in melee.
Your touch may inflict minor irresistible damage on your foes.


Message History

Your touch misses the adder. The adder barely misses you.
You slash the adder!
You kill the adder!
The bullfrog skeleton completely misses you.
You barely miss the bullfrog skeleton.
The bullfrog skeleton closely misses you.
Blork the orc mumbles some strange words.
Blork the orc seems to speed up.
You slash the bullfrog skeleton!
Your touch misses the bullfrog skeleton.
The bullfrog skeleton is moderately damaged.
The bullfrog skeleton hits you but does no damage.
The bullfrog skeleton barely misses you.
You hit the bullfrog skeleton.
The bullfrog skeleton is heavily damaged.
You hit Blork the orc but do no damage. Blork the orc barely misses you.
Blork the orc hits you but does no damage.
You hit Blork the orc but do no damage. Your touch misses Blork the orc.
Blork the orc points at you and mumbles some strange words.
The puff of frost hits you!
You hit Blork the orc but do no damage.
You touch Blork the orc.
Blork the orc is lightly wounded.
Blork the orc miscasts a cantrip.
Blork the orc screams, "I'll cover the dungeon with your blood!"
Blork the orc hits you with a +0 scimitar.
You hit Blork the orc.
Blork the orc is moderately wounded.
Blork the orc hits you with a +0 scimitar!
Blork the orc barely misses you.
You barely miss Blork the orc.
Blork the orc is moderately wounded.
You block Blork the orc's attack.
Blork the orc hits you with a +0 scimitar.
You slash Blork the orc!
Blork the orc is severely wounded.
Blork the orc casts a spell at you. The puff of frost hits you.
* * * LOW HITPOINT WARNING * * *
Blork the orc hits you with a +0 scimitar!
You die...

#.# ### #.#
...#.# #.#.###
#..... #
#.#..#####..##
#....#.oZ.....
#<..@# ##.#.#
#.#.# #.#..
#.##.# #.# ##
#.. #.#


You could see Blork the orc (fast) and a bullfrog skeleton.

Vanquished Creatures
  A scorpion (D:4)
  A hound (D:4)
  An orc priest (D:4)
  A bullfrog skeleton (D:4)
  A centaur skeleton (D:4)
  A gnoll shaman (D:4)
  2 iguanas
  Terence (D:2)
  An orc wizard (D:4)
  2 hound skeletons (D:4)
  Robin (D:2)
  6 adders
  4 gnolls
  A white imp (D:3)
  3 worms
  3 dart slugs
  4 orcs
  6 ball pythons
  3 bats
  4 endoplasms
  A giant cockroach (D:2)
  13 goblins
  10 hobgoblins
  4 quokkas
  6 frilled lizards
  5 kobolds
  3 rats
89 creatures vanquished.

Notes
Turn   | Place    | Note
-------+----------+-------------------------------------------
     0 | D:1      | kipponium the Demonspawn Gladiator began the quest for the
                  | Orb.
     0 | D:1      | Reached XP level 1. HP: 16/16 MP: 1/1
   395 | D:1      | Reached skill level 3 in Axes
   427 | D:1      | Found a faded altar of an unknown god.
   440 | D:1      | Gained mutation: You are partially covered in large bone
                  | plates. (SH +4) [demonic ancestry]
   440 | D:1      | Reached XP level 2. HP: 21/22 MP: 2/2
  1312 | D:2      | Gained mutation: You may rarely emit foul miasma when
                  | damaged in melee. [demonic ancestry]
  1312 | D:2      | Reached XP level 3. HP: 27/27 MP: 3/3
  1314 | D:2      | Noticed Robin
  1335 | D:2      | Reached skill level 4 in Axes
  1343 | D:2      | Killed Robin
  1390 | D:2      | Noticed Terence
  1415 | D:2      | Killed Terence
  1416 | D:2      | Reached XP level 4. HP: 28/33 MP: 4/4
  1701 | D:2      | Reached skill level 5 in Axes
  2207 | D:2      | Gained mutation: Your touch may inflict minor irresistible
                  | damage on your foes. [demonic ancestry]
  2207 | D:2      | Reached XP level 5. HP: 38/38 MP: 5/5
  2271 | D:3      | Found Rirphuix's Distillery.
  2280 | D:3      | Bought a potion of attraction for 33 gold pieces
  2280 | D:3      | Bought a potion of curing for 33 gold pieces
  2280 | D:3      | Bought a potion of lignification for 33 gold pieces
  2804 | D:3      | Found a broken altar of Ashenzari.
  2824 | D:3      | Found Dairyev's General Store.
  2855 | D:3      | Found a runed translucent gate.
  2855 | D:3      | Found a runed translucent gate.
  2856 | D:3      | Found a runed translucent gate.
  2861 | D:3      | Noticed kibaces's ghost (amateur DsBr)
  2943 | D:3      | Found Vucevod's Assorted Antiques.
  3373 | D:4      | Reached skill level 1 in Staves
  3652 | D:4      | Reached skill level 1 in Air Magic
  3652 | D:4      | Gained mutation: You are mostly covered in large bone
                  | plates. (SH +6) [demonic ancestry]
  3652 | D:4      | Reached XP level 6. HP: 2/44 MP: 6/6
  3967 | D:4      | Identified the ring "Hihugisk" {Fly rF+ rCorr}
  4274 | D:4      | Found an ornate altar of the Wu Jian Council.
  4553 | D:4      | Found a runed translucent door.
  4581 | D:4      | Found a runed translucent door.
  4582 | D:4      | Noticed yegreS's ghost (amateur MiFi)
  4943 | D:4      | Reached XP level 7. HP: 45/50 MP: 7/7
  5069 | D:4      | Found a shadowy altar of Dithmenos.
  5131 | D:5      | Entered Level 5 of the Dungeon
  5133 | D:5      | Noticed Blork the orc
  5145 | D:5      | Slain by Blork the orc

Illustrated notes

Levels and vault maps discovered:
D:1:      tarquinn_simple_flora_water_a, layout_loops_ring,
          ebering_ecumenical_altar_box, minmay_pentomino_u2
D:2:      layout_basic, uniq_terence, uniq_robin
D:3:      layout_basic, nicolae_ashenzari_panopticon, serial_shops, shop, shop,
          nicolae_lakefront_shop, gammafunk_ghost_necromancy,
          chequers_serial_rivers_small_b
D:4:      layout_cave_pods, overflow_temple_1_default, kennysheep_mini,
          ebering_ghost_sewer_f, minmay_misc_feat_rows
D:5:      layout_loops_ring, fedhas_altar_4, temple_fountains, serial_shops,
          shop, uniq_blork_the_orc

Skill      XL: |  1  2  3  4  5  6 |
---------------+-------------------+-----
Axes           | 3 4 5 |  5.3
Staves         | 2 3 |  3.6
Air Magic      | 1 2 |  2.8
Fighting       | |  2.0
Throwing       | |  1.7
Dodging        | |  2.6

Action                   |  1- 3 |  4- 6 |  7- 9 || total
-------------------------+-------+-------+-------++-------
Melee: War axe           |    92 |   176 |    11 ||   279
       Touch             |       |    23 |     1 ||    24
Throw: Throwing net      |     4 |       |       ||     4
       Stone             |       |     5 |       ||     5
  Use: Potion            |       |     1 |       ||     1
 Stab: Sleeping          |     4 |     1 |       ||     5
       Held in net/web   |     1 |       |       ||     1
Armor: Leather armour    |    12 |    33 |     2 ||    47
Dodge: Dodged            |    45 |    77 |     6 ||   128
Block: Other             |     7 |    34 |     1 ||    42

Table legend: (Time is in decaauts)
 A = Elapsed time spent in this place.
 B = Non-inter-level travel time spent in this place.
 C = Inter-level travel time spent in this place.
 D = Time resting spent in this place.
 E = Time spent auto-exploring this place.
 F = Levels seen in this place.
 G = Mean time per level.
                   A        B        C        D        E       F      G
               +--------+--------+--------+--------+--------+-----+--------+
         Total |   5221 |   5083 |    138 |   1907 |   2251 |   5 | 1044.2 |
       Dungeon |   5221 |   5083 |    138 |   1907 |   2251 |   5 | 1044.2 |
               +--------+--------+--------+--------+--------+-----+--------+

Top non-repeatable levels by time:
     D:3: 1747 daAuts
     D:1: 1276 daAuts
     D:4: 1159 daAuts
     D:2: 1022 daAuts
     D:5: 16 daAuts
